Kings vs Avalanche
Created - December 7, 2023 at 22:17
Goals
|
| Kings |
1 |
0 |
2 |
3 |
| Avalanche |
1 |
1 |
2 |
4 |
|
Shots
|
| Kings |
20 |
2 |
12 |
34 |
| Avalanche |
5 |
4 |
15 |
24 |
|
1st period
1. Kings , Auston Matthews 6 (Nikita Kucherov 13, Mitch Marner 12) at 8:02 (PP)
2. Avalanche , Andrei Kuzmenko 11 (Ryan O'Reilly 9, Alexander Edler 5) at 16:19
Penalties :
Luke Witkowski (Col) for Holding (Minor) at 7:59
2nd period
3. Avalanche , James Van Riemsdyk 4 (Erik Karlsson 7, Alexander Edler 6) at 2:49
Penalties :
Nikita Kucherov (L.A) for Hooking (Minor) at 0:22, Joe Pavelski (L.A) for Roughing (Minor) at 4:35, Jarred Tinordi (Col) for Hooking (Minor) at 10:44, Nikita Kucherov (L.A) for Tripping (Minor) at 13:12
3rd period
4. Kings , Joe Pavelski 4 (Quinn Hughes 8, Pierre-Edouard Bellemare 7) at 7:29
5. Kings , Chris Kreider 13 (Aaron Ekblad 11, Matthew Tkachuk 4) at 8:25
6. Avalanche , Mikkel Boedker 17 (Marcus Kruger 4, Vincent Trocheck 8) at 10:51
7. Avalanche , Andrei Kuzmenko 12 (Erik Karlsson 8, Alexander Edler 7) at 12:44
Penalties :
Ryan O'Reilly (Col) for Cross-checking (Minor) at 2:19, Mikkel Boedker (Col) for Hooking (Minor) at 4:34, Marc Staal (L.A) for Tripping (Minor) at 17:26
Goalie Stats
Alexandar Georgiev (L.A), 20 saves from 24 shots - (0.833), L, 8-10-1, 60:00 minutes
Marek Mazanek (Col), 31 saves from 34 shots - (0.912), W, 5-9-3, 60:00 minutes
Players Stats for Kings
Player Name G A P +/- PIM S H SB GA TA FO MP PP MP PK MP
------------------------------------------------------------------------------------
Aaron Ekblad 0 1 1 -2 0 3 1 1 0 1 0/0 23:08 2:42 3:00
Adam Fox 0 0 0 -1 0 1 0 1 0 0 0/0 18:21 3:18 0:25
Auston Matthews 1 0 1 -1 0 1 3 0 0 0 11/19 15:36 3:05 0:00
Brayden Schenn 0 0 0 0 0 0 2 0 1 1 12/19 18:41 2:33 2:16
Chris Kreider 1 0 1 -1 0 2 2 1 0 3 0/1 20:27 2:42 4:03
Jared Cowen 0 0 0 -1 0 0 1 1 1 0 0/0 21:13 0:09 4:56
Joe Pavelski 1 0 1 0 2 4 0 0 0 0 2/5 15:59 0:32 3:02
Marc Staal 0 0 0 1 2 2 3 1 1 0 0/0 17:26 0:00 3:30
Matthew Tkachuk 0 1 1 -1 0 0 3 0 0 0 2/2 15:22 2:52 0:00
Mitch Marner 0 1 1 0 0 4 0 0 0 0 1/1 16:14 2:55 0:00
Nikita Kucherov 0 1 1 0 4 4 1 0 0 1 0/0 16:36 2:55 0:00
Pavel Zacha 0 0 0 0 0 0 0 1 0 0 0/0 16:54 2:52 2:12
Philip Samuelsson 0 0 0 -2 0 1 1 1 1 0 0/0 18:46 0:00 3:00
Pierre-Edouard Bellemare 0 1 1 0 0 4 1 1 1 0 4/7 13:50 0:00 1:41
Quinn Hughes 0 1 1 1 0 3 0 0 1 0 0/0 18:07 3:12 1:01
Ryan Getzlaf 0 0 0 -1 0 2 1 0 0 0 1/2 8:10 0:00 0:57
Sean Bergenheim 0 0 0 -1 0 2 3 0 0 0 0/1 7:36 0:13 0:00
Zac Rinaldo 0 0 0 -1 0 1 0 1 1 0 0/0 9:34 0:00 1:41
Players Stats for Avalanche
Player Name G A P +/- PIM S H SB GA TA FO MP PP MP PK MP
------------------------------------------------------------------------------------
Alexander Edler 0 3 3 2 0 0 2 1 0 2 0/0 22:07 4:29 2:30
Andrei Kuzmenko 2 0 2 1 0 2 1 0 3 0 0/0 20:24 3:18 0:00
Anthony Duclair 0 0 0 1 0 0 1 0 0 0 0/0 6:52 0:14 0:00
David Rundblad 0 0 0 0 0 2 0 0 0 0 0/0 11:46 0:00 3:30
Drake Caggiula 0 0 0 -1 0 3 0 1 0 0 4/8 12:45 0:00 0:28
Erik Karlsson 0 2 2 2 0 0 0 0 0 0 0/0 18:41 4:29 0:00
Jack Johnson 0 0 0 0 0 0 1 4 0 1 0/0 24:22 3:27 2:30
Jacob Slavin 0 0 0 0 0 0 1 3 0 0 0/0 25:22 3:27 3:30
James Van Riemsdyk 1 0 1 0 0 2 0 0 1 1 0/1 14:49 0:14 0:16
Jarred Tinordi 0 0 0 0 2 0 0 0 0 0 0/0 5:20 0:00 0:00
Joel Edmundson 0 0 0 0 0 0 0 1 0 0 0/0 12:39 0:00 0:00
Kyle Turris 0 0 0 1 0 0 0 0 0 0 1/5 10:19 0:00 2:51
Luke Witkowski 0 0 0 -1 2 5 0 0 0 0 1/2 16:17 0:14 2:53
Marcus Kruger 0 1 1 1 0 1 1 0 1 0 1/1 16:33 3:18 0:00
Mikkel Boedker 1 0 1 1 2 4 3 0 1 1 2/2 18:19 4:24 0:00
Patric Hornqvist 0 0 0 1 0 1 1 0 0 1 0/1 20:36 4:24 2:51
Ryan O'Reilly 0 1 1 1 2 3 0 0 0 0 13/28 18:28 3:18 1:54
Vincent Trocheck 0 1 1 1 0 1 1 1 0 1 2/9 18:17 4:24 0:47
3 Stars
1 - Andrei Kuzmenko (Col)
2 - Alexander Edler (Col)
3 - Erik Karlsson (Col)
Power Play
Kings - 1 on 4 Attempt(s) - 25.00%
Avalanche - 0 on 4 Attempt(s) - 0.00%
Penalty Kill
Kings - 4 on 4 Attempt(s) - 100.00%
- Score 0 goal in Penalty Kill
Avalanche - 3 on 4 Attempt(s) - 75.00%
- Score 0 goal in Penalty Kill
Team Stat
Kings - Hits : 22 - Faceoff Wins : 33 - Blocked Shots : 9 - Penalty Minutes : 8
Avalanche - Hits : 12 - Faceoff Wins : 24 - Blocked Shots : 11 - Penalty Minutes : 8
Official
Referees : Brandon Blandina and Frederick L'Ecuyer
Linesman : Scott Cherrey and Kyle Flemington
Game Notes
No Game Note
Finance
Level 1 -- Attendance: 5715 (95.25%) -- Ticket Income $571,500
Level 2 -- Attendance: 5000 (100.00%) -- Ticket Income $300,000
Level 3 -- Attendance: 1811 (90.55%) -- Ticket Income $63,385
Level 4 -- Attendance: 3441 (86.03%) -- Ticket Income $86,025
Luxury Box -- Attendance: 1000 (100.00%) -- Ticket Income $200,000
Game was played at the Pepsi Center.
Total Attendance: 16967 (94.26%)
Total Ticket Income: $1,220,910
Other Income: $183,136
Total Income: $1,404,046
Kings
5 vs 5 Forward
Center Left Wing Right Wing Time % Phy DF OF
1 Brayden Schenn Nikita Kucherov Mitch Marner 35 0 1 4
2 Auston Matthews Chris Kreider Matthew Tkachuk 35 1 1 3
3 Pierre-Edouard Bellemare Pavel Zacha Joe Pavelski 29 1 2 2
4 Ryan Getzlaf Zac Rinaldo Sean Bergenheim 1 3 2 0
5 vs 5 Defense
Defense Defense Time % Phy DF OF
1 Philip Samuelsson Aaron Ekblad 35 1 3 1
2 Jared Cowen Adam Fox 35 1 2 2
3 Marc Staal Quinn Hughes 30 1 2 2
4 Quinn Hughes Jared Cowen 0 1 2 2
PowerPlay Forward
Center Left Wing Right Wing Time % Phy DF OF
1 Auston Matthews Nikita Kucherov Mitch Marner 60 0 0 5
2 Brayden Schenn Pavel Zacha Matthew Tkachuk 40 0 0 5
PowerPlay Defense
Defense Defense Time % Phy DF OF
1 Quinn Hughes Adam Fox 70 0 1 4
2 Aaron Ekblad Chris Kreider 30 0 1 4
Penalty Kill 4 Players Forward
Center Wing Time % Phy DF OF
1 Joe Pavelski Chris Kreider 60 1 2 2
2 Pierre-Edouard Bellemare Zac Rinaldo 40 1 2 2
Penalty Kill 4 Players Defense
Defense Defense Time % Phy DF OF
1 Marc Staal Jared Cowen 60 1 2 2
2 Philip Samuelsson Aaron Ekblad 40 1 2 2
Penalty Kill - 3 Players Forward
Forward Time % Phy DF OF
1 Pierre-Edouard Bellemare 60 1 2 2
2 Joe Pavelski 40 1 2 2
Penalty Kill - 3 Players Defense
Defense Defense Time % Phy DF OF
1 Marc Staal Jared Cowen 60 1 2 2
2 Philip Samuelsson Aaron Ekblad 40 1 2 2
4 vs 4 Forward
Center Wing Time % Phy DF OF
1 Brayden Schenn Nikita Kucherov 60 1 2 2
2 Auston Matthews Chris Kreider 40 1 2 2
4 vs 4 Defense
Defense Defense Time % Phy DF OF
1 Aaron Ekblad Philip Samuelsson 60 1 2 2
2 Jared Cowen Adam Fox 40 1 2 2
Last Minutes Offensive
Center Left Wing Right Wing Defense Defense
Brayden Schenn Chris Kreider Nikita Kucherov Aaron Ekblad Adam Fox
Last Minutes Defensive
Center Left Wing Right Wing Defense Defense
Brayden Schenn Chris Kreider Matthew Tkachuk Marc Staal Jared Cowen
Goaltenders
Starting : Alexandar Georgiev
Backup : Carter Hutton
Extra Forwards
Normal : Pierre-Edouard Bellemare, Brayden Schenn, Auston Matthews - PP : Joe Pavelski, Sean Bergenheim - PK : Brayden Schenn
Extra Defensemen
Normal : Aaron Ekblad, Jared Cowen, Marc Staal - PP : Jared Cowen - PK : Quinn Hughes, Adam Fox
Penalty Shots
Nikita Kucherov, Auston Matthews, Chris Kreider, Brayden Schenn, Pavel Zacha
Custom OT Lines Forwards
Chris Kreider, Nikita Kucherov, Brayden Schenn, Auston Matthews, Joe Pavelski, Sean Bergenheim, Pierre-Edouard Bellemare, Mitch Marner, Pavel Zacha, Matthew Tkachuk
Custom OT Lines Defensemen
Aaron Ekblad, Jared Cowen, Philip Samuelsson, Marc Staal, Adam Fox
Scratches
Jared Spurgeon (Healthy), Tanner Richard (Healthy)
Avalanche
5 vs 5 Forward
Center Left Wing Right Wing Time % Phy DF OF
1 Ryan O'Reilly Andrei Kuzmenko Patric Hornqvist 34 1 2 2
2 Vincent Trocheck Mikkel Boedker Marcus Kruger 34 1 2 2
3 Drake Caggiula James Van Riemsdyk Luke Witkowski 21 1 2 2
4 Kyle Turris Andrei Kuzmenko Anthony Duclair 11 1 2 2
5 vs 5 Defense
Defense Defense Time % Phy DF OF
1 Jacob Slavin Jack Johnson 40 1 2 2
2 Alexander Edler Erik Karlsson 30 1 2 2
3 Joel Edmundson David Rundblad 17 1 2 2
4 Joel Edmundson Jarred Tinordi 13 1 2 2
PowerPlay Forward
Center Left Wing Right Wing Time % Phy DF OF
1 Ryan O'Reilly Andrei Kuzmenko Marcus Kruger 50 0 1 4
2 Vincent Trocheck Mikkel Boedker Patric Hornqvist 50 0 1 4
PowerPlay Defense
Defense Defense Time % Phy DF OF
1 Alexander Edler Erik Karlsson 57 0 2 3
2 Jack Johnson Jacob Slavin 43 0 2 3
Penalty Kill 4 Players Forward
Center Wing Time % Phy DF OF
1 Ryan O'Reilly Luke Witkowski 50 1 3 1
2 Kyle Turris Patric Hornqvist 50 1 3 1
Penalty Kill 4 Players Defense
Defense Defense Time % Phy DF OF
1 Jacob Slavin David Rundblad 55 1 3 1
2 Alexander Edler Jack Johnson 45 1 3 1
Penalty Kill - 3 Players Forward
Forward Time % Phy DF OF
1 Luke Witkowski 63 1 4 0
2 Ryan O'Reilly 37 1 4 0
Penalty Kill - 3 Players Defense
Defense Defense Time % Phy DF OF
1 Alexander Edler Jacob Slavin 58 1 4 0
2 Jack Johnson David Rundblad 42 1 4 0
4 vs 4 Forward
Center Wing Time % Phy DF OF
1 Ryan O'Reilly Mikkel Boedker 55 1 2 2
2 Vincent Trocheck Patric Hornqvist 45 1 2 2
4 vs 4 Defense
Defense Defense Time % Phy DF OF
1 Alexander Edler Jacob Slavin 55 1 2 2
2 Joel Edmundson David Rundblad 45 1 2 2
Last Minutes Offensive
Center Left Wing Right Wing Defense Defense
Ryan O'Reilly Mikkel Boedker Patric Hornqvist Alexander Edler Erik Karlsson
Last Minutes Defensive
Center Left Wing Right Wing Defense Defense
Ryan O'Reilly Mikkel Boedker Luke Witkowski David Rundblad Jacob Slavin
Goaltenders
Starting : Marek Mazanek
Backup : Semyon Varlamov
Extra Forwards
Normal : Andrei Kuzmenko, Vincent Trocheck, Luke Witkowski - PP : Vincent Trocheck, Luke Witkowski - PK : Vincent Trocheck
Extra Defensemen
Normal : Alexander Edler, Joel Edmundson, Erik Karlsson - PP : Jack Johnson - PK : Jacob Slavin, David Rundblad
Penalty Shots
Andrei Kuzmenko, Mikkel Boedker, Patric Hornqvist, Kyle Turris, Anthony Duclair
Custom OT Lines Forwards
Mikkel Boedker, Andrei Kuzmenko, Patric Hornqvist, Ryan O'Reilly, Marcus Kruger, Luke Witkowski, Vincent Trocheck, James Van Riemsdyk, Drake Caggiula, Anthony Duclair
Custom OT Lines Defensemen
Jack Johnson, Jacob Slavin, Alexander Edler, Erik Karlsson, David Rundblad
Scratches
Bryan Little (Sprained Left Finger Injury), Daniel Carr (Healthy), Stefan Elliott (Healthy), Tobias Enstrom (Healthy)
% Time on Ice - Kings
Lines # - Real PCT - Wanted PCT - Time Play
Normal Forward
1 - 30% - 35% - 13:59
2 - 29% - 35% - 13:10
3 - 25% - 29% - 11:29
4 - 16% - 1% - 7:13
Normal Defense
1 - 35% - 35% - 16:06
2 - 34% - 35% - 15:48
3 - 29% - 30% - 13:13
4 - 2% - 0% - 0:44
PP Forward
1 - 52% - 60% - 3:08
2 - 48% - 40% - 2:52
PP Defense
1 - 55% - 70% - 3:18
2 - 45% - 30% - 2:42
PK Forward
1 - 79% - 60% - 6:15
2 - 21% - 40% - 1:41
PK Defense
1 - 62% - 60% - 4:56
2 - 38% - 40% - 3:00
PK3 Forward
1 - 0% - 60%
2 - 0% - 40%
PK3 Defense
1 - 0% - 60%
2 - 0% - 40%
44 Forward
1 - 0% - 60%
2 - 0% - 40%
44 Defense
1 - 0% - 60%
2 - 0% - 40%
Last Minute Offensive - 0:13
Last Minute Defensive - 0:00
Total
Forward - 60:00
Defense - 60:00
|
% Time on Ice - Avalanche
Lines # - Real PCT - Wanted PCT - Time Play
Normal Forward
1 - 28% - 34% - 12:44
2 - 31% - 34% - 14:02
3 - 27% - 21% - 12:15
4 - 14% - 11% - 6:30
Normal Defense
1 - 40% - 40% - 18:19
2 - 32% - 30% - 14:33
3 - 16% - 17% - 7:28
4 - 11% - 13% - 5:11
PP Forward
1 - 42% - 50% - 3:18
2 - 58% - 50% - 4:38
PP Defense
1 - 57% - 57% - 4:29
2 - 43% - 43% - 3:27
PK Forward
1 - 53% - 50% - 3:09
2 - 48% - 50% - 2:51
PK Defense
1 - 58% - 55% - 3:30
2 - 42% - 45% - 2:30
PK3 Forward
1 - 0% - 63%
2 - 0% - 37%
PK3 Defense
1 - 0% - 58%
2 - 0% - 42%
44 Forward
1 - 0% - 55%
2 - 0% - 45%
44 Defense
1 - 0% - 55%
2 - 0% - 45%
Last Minute Offensive - 0:00
Last Minute Defensive - 0:33
Total
Forward - 60:00
Defense - 60:00
|
Play-by-Play
1st period
0:01 of 1st period - Ryan O'Reilly wins face-off versus Brayden Schenn in neutral zone.
1:13 of 1st period - Alexander Edler is hit by Sean Bergenheim.
1:28 of 1st period - Adam Fox is hit by Alexander Edler and loses puck.
1:41 of 1st period - Erik Karlsson is hit by Sean Bergenheim and loses puck.
1:50 of 1st period - Snap shot by Sean Bergenheim.
1:50 of 1st period - Shot Misses the Net.
1:54 of 1st period - Wrist shot by Ryan Getzlaf.
1:54 of 1st period - Stopped by Marek Mazanek with a rebound.
1:56 of 1st period - Snap shot by Jared Cowen.
1:56 of 1st period - Shot Misses the Net.
1:58 of 1st period - Slapshot by Jared Cowen.
1:58 of 1st period - Shot Blocked by Alexander Edler.
2:00 of 1st period - Snap shot by Jared Cowen.
2:00 of 1st period - Shot Misses the Net.
2:53 of 1st period - Snap shot by Andrei Kuzmenko.
2:53 of 1st period - Shot Blocked by Jared Cowen.
3:03 of 1st period - Wrist shot by Sean Bergenheim.
3:03 of 1st period - Stopped by Marek Mazanek without a rebound.
3:04 of 1st period - Brayden Schenn wins face-off versus Vincent Trocheck in Avalanche zone.
3:13 of 1st period - Snap shot by Mitch Marner.
3:13 of 1st period - Stopped by Marek Mazanek without a rebound.
3:14 of 1st period - Brayden Schenn wins face-off versus Vincent Trocheck in Avalanche zone.
3:19 of 1st period - Slapshot by Mitch Marner.
3:19 of 1st period - Shot Misses the Net.
3:54 of 1st period - Off-side.
3:55 of 1st period - Auston Matthews wins face-off versus Drake Caggiula in neutral zone.
3:58 of 1st period - Slapshot by Aaron Ekblad.
3:58 of 1st period - Stopped by Marek Mazanek without a rebound.
3:59 of 1st period - Drake Caggiula wins face-off versus Auston Matthews in Avalanche zone.
3:59 of 1st period - Drake Caggiula is hit by Matthew Tkachuk.
5:26 of 1st period - Joel Edmundson is hit by Marc Staal and loses puck.
7:43 of 1st period - Patric Hornqvist is hit by Auston Matthews and loses puck.
7:59 of 1st period - Minor Penalty to Luke Witkowski for Holding.
8:00 of 1st period - Mitch Marner wins face-off versus Kyle Turris in Avalanche zone.
8:00 of 1st period - Slapshot by Nikita Kucherov.
8:00 of 1st period - Shot Misses the Net.
8:02 of 1st period - Snap shot by Auston Matthews.
8:02 of 1st period - Goal by Auston Matthews - Kings : 1 - Avalanche : 0.
8:03 of 1st period - Auston Matthews wins face-off versus Ryan O'Reilly in neutral zone.
8:08 of 1st period - Snap shot by Quinn Hughes.
8:08 of 1st period - Stopped by Marek Mazanek without a rebound.
8:09 of 1st period - Ryan O'Reilly wins face-off versus Auston Matthews in Avalanche zone.
8:14 of 1st period - Slapshot by Patric Hornqvist.
8:14 of 1st period - Stopped by Alexandar Georgiev with a rebound.
8:16 of 1st period - Slapshot by Jacob Slavin.
8:16 of 1st period - Shot Misses the Net.
10:07 of 1st period - Pierre-Edouard Bellemare is hit by Vincent Trocheck.
10:23 of 1st period - Slapshot by Erik Karlsson.
10:23 of 1st period - Deflect By Mikkel Boedker.
10:23 of 1st period - Shot Misses the Net.
10:23 of 1st period - Puck is out of play.
10:24 of 1st period - Auston Matthews wins face-off versus Ryan O'Reilly in Kings zone.
10:35 of 1st period - Snap shot by Matthew Tkachuk.
10:35 of 1st period - Shot Blocked by Jack Johnson.
11:13 of 1st period - Snap shot by Ryan Getzlaf.
11:13 of 1st period - Shot Blocked by Joel Edmundson.
11:15 of 1st period - Snap shot by Adam Fox.
11:15 of 1st period - Stopped by Marek Mazanek with a rebound.
11:47 of 1st period - Ryan O'Reilly is hit by Aaron Ekblad and loses puck.
12:40 of 1st period - Wrist shot by Joe Pavelski.
12:40 of 1st period - Shot Misses the Net.
12:42 of 1st period - Wrist shot by Joe Pavelski.
12:42 of 1st period - Stopped by Marek Mazanek without a rebound.
12:43 of 1st period - Vincent Trocheck wins face-off versus Pierre-Edouard Bellemare in Avalanche zone.
13:06 of 1st period - Snap shot by Mikkel Boedker.
13:06 of 1st period - Stopped by Alexandar Georgiev with a rebound.
13:20 of 1st period - Wrist shot by Joe Pavelski.
13:20 of 1st period - Shot Misses the Net.
13:30 of 1st period - Pavel Zacha is hit by Mikkel Boedker.
13:38 of 1st period - Slapshot by Quinn Hughes.
13:38 of 1st period - Deflect By Marcus Kruger.
13:38 of 1st period - Stopped by Marek Mazanek with a rebound.
13:40 of 1st period - Slapshot by Marc Staal.
13:40 of 1st period - Shot Misses the Net.
13:42 of 1st period - Wrist shot by Joe Pavelski.
13:42 of 1st period - Deflect By Pierre-Edouard Bellemare.
13:42 of 1st period - Stopped by Marek Mazanek with a rebound.
13:44 of 1st period - Wrist shot by Pierre-Edouard Bellemare.
13:44 of 1st period - Shot Misses the Net.
13:46 of 1st period - Snap shot by Quinn Hughes.
13:46 of 1st period - Shot Misses the Net.
13:48 of 1st period - Slapshot by Marc Staal.
13:48 of 1st period - Stopped by Marek Mazanek with a rebound.
13:50 of 1st period - Slapshot by Quinn Hughes.
13:50 of 1st period - Deflect By Vincent Trocheck.
13:50 of 1st period - Stopped by Marek Mazanek with a rebound.
13:52 of 1st period - Snap shot by Pierre-Edouard Bellemare.
13:52 of 1st period - Shot Misses the Net.
14:43 of 1st period - Slapshot by Joe Pavelski.
14:43 of 1st period - Stopped by Marek Mazanek with a rebound.
14:45 of 1st period - Snap shot by Pierre-Edouard Bellemare.
14:45 of 1st period - Stopped by Marek Mazanek without a rebound.
14:46 of 1st period - Ryan O'Reilly wins face-off versus Brayden Schenn in Avalanche zone.
15:49 of 1st period - Wrist shot by Luke Witkowski.
15:49 of 1st period - Stopped by Alexandar Georgiev without a rebound.
15:50 of 1st period - Brayden Schenn wins face-off versus Drake Caggiula in Kings zone.
15:55 of 1st period - Wrist shot by Mitch Marner.
15:55 of 1st period - Shot Misses the Net.
15:57 of 1st period - Snap shot by Philip Samuelsson.
15:57 of 1st period - Stopped by Marek Mazanek with a rebound.
16:19 of 1st period - Snap shot by Andrei Kuzmenko.
16:19 of 1st period - Goal by Andrei Kuzmenko - Kings : 1 - Avalanche : 1.
16:20 of 1st period - Matthew Tkachuk wins face-off versus Ryan O'Reilly in neutral zone.
16:23 of 1st period - Snap shot by Auston Matthews.
16:23 of 1st period - Shot Blocked by Jack Johnson.
16:25 of 1st period - Snap shot by Auston Matthews.
16:25 of 1st period - Shot Misses the Net.
16:27 of 1st period - Slapshot by Aaron Ekblad.
16:27 of 1st period - Stopped by Marek Mazanek with a rebound.
16:53 of 1st period - Snap shot by Mitch Marner.
16:53 of 1st period - Stopped by Marek Mazanek without a rebound.
16:54 of 1st period - Brayden Schenn wins face-off versus James Van Riemsdyk in Avalanche zone.
17:03 of 1st period - Wrist shot by Mitch Marner.
17:03 of 1st period - Stopped by Marek Mazanek without a rebound.
17:04 of 1st period - Ryan O'Reilly wins face-off versus Auston Matthews in Avalanche zone.
17:39 of 1st period - Slapshot by Luke Witkowski.
17:39 of 1st period - Stopped by Alexandar Georgiev without a rebound.
17:40 of 1st period - Brayden Schenn wins face-off versus Ryan O'Reilly in Kings zone.
17:45 of 1st period - Wrist shot by Nikita Kucherov.
17:45 of 1st period - Deflect By Alexander Edler.
17:45 of 1st period - Stopped by Marek Mazanek without a rebound.
17:46 of 1st period - Brayden Schenn wins face-off versus Patric Hornqvist in Avalanche zone.
18:57 of 1st period - Icing by Kyle Turris.
18:58 of 1st period - Pierre-Edouard Bellemare wins face-off versus Kyle Turris in Avalanche zone.
19:01 of 1st period - Wrist shot by Joe Pavelski.
19:01 of 1st period - Stopped by Marek Mazanek with a rebound.
Goals for this period are 1 for Kings vs 1 for Avalanche.
Shots for this period are 20 for Kings vs 5 for Avalanche.
2nd period
0:01 of 2nd period - Brayden Schenn wins face-off versus Ryan O'Reilly in neutral zone.
0:22 of 2nd period - Minor Penalty to Nikita Kucherov for Hooking.
0:23 of 2nd period - Ryan O'Reilly wins face-off versus Joe Pavelski in Kings zone.
2:22 of 2nd period - Penalty to Nikita Kucherov is over, Nikita Kucherov is back on ice.
2:36 of 2nd period - Drake Caggiula is hit by Brayden Schenn and loses puck.
2:49 of 2nd period - Wrist shot by James Van Riemsdyk.
2:49 of 2nd period - Goal by James Van Riemsdyk - Kings : 1 - Avalanche : 2.
2:50 of 2nd period - Auston Matthews wins face-off versus Drake Caggiula in neutral zone.
2:53 of 2nd period - Snap shot by Matthew Tkachuk.
2:53 of 2nd period - Shot Blocked by Jack Johnson.
2:58 of 2nd period - Off-side.
2:59 of 2nd period - Drake Caggiula wins face-off versus Auston Matthews in neutral zone.
3:08 of 2nd period - Slapshot by James Van Riemsdyk.
3:08 of 2nd period - Deflect By Drake Caggiula.
3:08 of 2nd period - Stopped by Alexandar Georgiev with a rebound.
3:45 of 2nd period - Slapshot by Jacob Slavin.
3:45 of 2nd period - Shot Blocked by Chris Kreider.
3:47 of 2nd period - Slapshot by Drake Caggiula.
3:47 of 2nd period - Stopped by Alexandar Georgiev without a rebound.
3:48 of 2nd period - Brayden Schenn wins face-off versus Ryan O'Reilly in Kings zone.
4:35 of 2nd period - Minor Penalty to Joe Pavelski for Roughing.
4:36 of 2nd period - Brayden Schenn wins face-off versus Vincent Trocheck in Kings zone.
4:45 of 2nd period - Snap shot by Mikkel Boedker.
4:45 of 2nd period - Shot Misses the Net.
4:55 of 2nd period - Jack Johnson is hit by Chris Kreider and loses puck.
5:36 of 2nd period - Aaron Ekblad is hit by Mikkel Boedker and loses puck.
5:51 of 2nd period - Wrist shot by Mikkel Boedker.
5:51 of 2nd period - Shot Misses the Net.
5:53 of 2nd period - Slapshot by Patric Hornqvist.
5:53 of 2nd period - Shot Misses the Net.
6:07 of 2nd period - Slapshot by Ryan Getzlaf.
6:07 of 2nd period - Shot Blocked by Vincent Trocheck.
6:09 of 2nd period - Slapshot by Philip Samuelsson.
6:09 of 2nd period - Shot Misses the Net.
6:11 of 2nd period - Wrist shot by Ryan Getzlaf.
6:11 of 2nd period - Stopped by Marek Mazanek with a rebound.
6:35 of 2nd period - Penalty to Joe Pavelski is over, Joe Pavelski is back on ice.
6:48 of 2nd period - Jared Cowen is hit by Andrei Kuzmenko.
7:08 of 2nd period - Snap shot by Drake Caggiula.
7:08 of 2nd period - Shot Misses the Net.
7:32 of 2nd period - Joel Edmundson is hit by Matthew Tkachuk and loses puck.
7:50 of 2nd period - Icing by Kyle Turris.
7:51 of 2nd period - Auston Matthews wins face-off versus Kyle Turris in Avalanche zone.
8:25 of 2nd period - Icing by Alexander Edler.
8:26 of 2nd period - Kyle Turris wins face-off versus Ryan Getzlaf in Avalanche zone.
10:00 of 2nd period - Luke Witkowski is hit by Jared Cowen and loses puck.
10:19 of 2nd period - Chris Kreider is hit by Mikkel Boedker and loses puck.
10:26 of 2nd period - Marcus Kruger is hit by Auston Matthews and loses puck.
10:44 of 2nd period - Minor Penalty to Jarred Tinordi for Hooking.
10:45 of 2nd period - Ryan O'Reilly wins face-off versus Auston Matthews in Avalanche zone.
11:18 of 2nd period - Snap shot by Luke Witkowski.
11:18 of 2nd period - Shot Blocked by Adam Fox.
12:44 of 2nd period - Penalty to Jarred Tinordi is over, Jarred Tinordi is back on ice.
12:44 of 2nd period - Patric Hornqvist is hit by Sean Bergenheim and loses puck.
12:49 of 2nd period - Slapshot by Sean Bergenheim.
12:49 of 2nd period - Shot Misses the Net.
12:51 of 2nd period - Slapshot by Philip Samuelsson.
12:51 of 2nd period - Shot Blocked by Jacob Slavin.
12:53 of 2nd period - Snap shot by Joe Pavelski.
12:53 of 2nd period - Deflect By Sean Bergenheim.
12:53 of 2nd period - Shot Misses the Net.
12:53 of 2nd period - Puck is out of play.
12:54 of 2nd period - Mikkel Boedker wins face-off versus Sean Bergenheim in Avalanche zone.
13:05 of 2nd period - Snap shot by Marcus Kruger.
13:05 of 2nd period - Shot Blocked by Zac Rinaldo.
13:07 of 2nd period - Wrist shot by Mikkel Boedker.
13:07 of 2nd period - Stopped by Alexandar Georgiev without a rebound.
13:08 of 2nd period - Marcus Kruger wins face-off versus Brayden Schenn in Kings zone.
13:12 of 2nd period - Minor Penalty to Nikita Kucherov for Tripping.
13:13 of 2nd period - Joe Pavelski wins face-off versus Ryan O'Reilly in Kings zone.
13:46 of 2nd period - Snap shot by Ryan O'Reilly.
13:46 of 2nd period - Shot Misses the Net.
14:10 of 2nd period - Slapshot by Alexander Edler.
14:10 of 2nd period - Shot Blocked by Philip Samuelsson.
15:12 of 2nd period - Penalty to Nikita Kucherov is over, Nikita Kucherov is back on ice.
15:15 of 2nd period - Aaron Ekblad is hit by Anthony Duclair and loses puck.
16:33 of 2nd period - Mikkel Boedker is hit by Marc Staal and loses puck.
17:03 of 2nd period - Andrei Kuzmenko is hit by Auston Matthews and loses puck.
17:47 of 2nd period - James Van Riemsdyk is hit by Marc Staal.
18:32 of 2nd period - Icing by Ryan O'Reilly.
18:33 of 2nd period - Auston Matthews wins face-off versus Ryan O'Reilly in Avalanche zone.
19:19 of 2nd period - Wrist shot by Pavel Zacha.
19:19 of 2nd period - Shot Misses the Net.
19:27 of 2nd period - Snap shot by Pierre-Edouard Bellemare.
19:27 of 2nd period - Stopped by Marek Mazanek without a rebound.
19:28 of 2nd period - Vincent Trocheck wins face-off versus Auston Matthews in Avalanche zone.
19:28 of 2nd period - Vincent Trocheck is hit by Chris Kreider.
Goals for this period are 0 for Kings vs 1 for Avalanche.
Shots for this period are 2 for Kings vs 4 for Avalanche.
3rd period
0:01 of 3rd period - Brayden Schenn wins face-off versus Ryan O'Reilly in neutral zone.
0:10 of 3rd period - Snap shot by Brayden Schenn.
0:10 of 3rd period - Deflect By Nikita Kucherov.
0:10 of 3rd period - Stopped by Marek Mazanek with a rebound.
0:26 of 3rd period - Quinn Hughes is hit by Marcus Kruger and loses puck.
0:39 of 3rd period - Slapshot by Mikkel Boedker.
0:39 of 3rd period - Shot Misses the Net.
0:46 of 3rd period - Icing by Quinn Hughes.
0:47 of 3rd period - Drake Caggiula wins face-off versus Pierre-Edouard Bellemare in Kings zone.
0:52 of 3rd period - Backhand shot by Luke Witkowski.
0:52 of 3rd period - Stopped by Alexandar Georgiev with a rebound.
0:58 of 3rd period - Wrist shot by Pierre-Edouard Bellemare.
0:58 of 3rd period - Stopped by Marek Mazanek without a rebound.
0:59 of 3rd period - Brayden Schenn wins face-off versus Ryan O'Reilly in Avalanche zone.
1:04 of 3rd period - Snap shot by Brayden Schenn.
1:04 of 3rd period - Shot Misses the Net.
1:12 of 3rd period - Brayden Schenn is hit by Patric Hornqvist and loses puck.
1:36 of 3rd period - Snap shot by Nikita Kucherov.
1:36 of 3rd period - Stopped by Marek Mazanek with a rebound.
1:44 of 3rd period - Slapshot by Nikita Kucherov.
1:44 of 3rd period - Stopped by Marek Mazanek with a rebound.
1:46 of 3rd period - Snap shot by Mitch Marner.
1:46 of 3rd period - Shot Misses the Net.
1:48 of 3rd period - Slapshot by Adam Fox.
1:48 of 3rd period - Shot Misses the Net.
1:54 of 3rd period - Wrist shot by Nikita Kucherov.
1:54 of 3rd period - Shot Blocked by Jack Johnson.
1:56 of 3rd period - Wrist shot by Nikita Kucherov.
1:56 of 3rd period - Shot Misses the Net.
1:58 of 3rd period - Wrist shot by Brayden Schenn.
1:58 of 3rd period - Shot Blocked by Drake Caggiula.
2:00 of 3rd period - Slapshot by Quinn Hughes.
2:00 of 3rd period - Shot Blocked by Jacob Slavin.
2:02 of 3rd period - Slapshot by Mitch Marner.
2:02 of 3rd period - Shot Misses the Net.
2:04 of 3rd period - Slapshot by Marc Staal.
2:04 of 3rd period - Deflect By Jacob Slavin.
2:04 of 3rd period - Stopped by Marek Mazanek with a rebound.
2:06 of 3rd period - Wrist shot by Brayden Schenn.
2:06 of 3rd period - Deflect By Nikita Kucherov.
2:06 of 3rd period - Deflect By James Van Riemsdyk.
2:06 of 3rd period - Shot Blocked by Jacob Slavin.
2:06 of 3rd period - Puck is out of play.
2:07 of 3rd period - Auston Matthews wins face-off versus Ryan O'Reilly in Avalanche zone.
2:19 of 3rd period - Minor Penalty to Ryan O'Reilly for Cross-checking.
2:20 of 3rd period - Matthew Tkachuk wins face-off versus Vincent Trocheck in Avalanche zone.
4:07 of 3rd period - Quinn Hughes is hit by Alexander Edler and loses puck.
4:19 of 3rd period - Penalty to Ryan O'Reilly is over, Ryan O'Reilly is back on ice.
4:34 of 3rd period - Minor Penalty to Mikkel Boedker for Hooking.
4:35 of 3rd period - Auston Matthews wins face-off versus Kyle Turris in Avalanche zone.
5:10 of 3rd period - David Rundblad is hit by Matthew Tkachuk and loses puck.
5:23 of 3rd period - Slapshot by Aaron Ekblad.
5:23 of 3rd period - Stopped by Marek Mazanek without a rebound.
5:24 of 3rd period - Ryan O'Reilly wins face-off versus Auston Matthews in Avalanche zone.
6:34 of 3rd period - Penalty to Mikkel Boedker is over, Mikkel Boedker is back on ice.
6:41 of 3rd period - Jack Johnson is hit by Ryan Getzlaf and loses puck.
6:56 of 3rd period - Slapshot by Mikkel Boedker.
6:56 of 3rd period - Shot Misses the Net.
7:02 of 3rd period - Snap shot by Chris Kreider.
7:02 of 3rd period - Deflect By Mikkel Boedker.
7:02 of 3rd period - Stopped by Marek Mazanek with a rebound.
7:04 of 3rd period - Wrist shot by Sean Bergenheim.
7:04 of 3rd period - Stopped by Marek Mazanek with a rebound.
7:06 of 3rd period - Snap shot by Sean Bergenheim.
7:06 of 3rd period - Shot Misses the Net.
7:08 of 3rd period - Slapshot by Chris Kreider.
7:08 of 3rd period - Deflect By Zac Rinaldo.
7:08 of 3rd period - Stopped by Marek Mazanek with a rebound.
7:21 of 3rd period - Off-side.
7:22 of 3rd period - Pierre-Edouard Bellemare wins face-off versus Drake Caggiula in neutral zone.
7:29 of 3rd period - Snap shot by Joe Pavelski.
7:29 of 3rd period - Goal by Joe Pavelski - Kings : 2 - Avalanche : 2.
7:30 of 3rd period - Mikkel Boedker wins face-off versus Brayden Schenn in neutral zone.
7:47 of 3rd period - Backhand shot by Mikkel Boedker.
7:47 of 3rd period - Stopped by Alexandar Georgiev with a rebound.
8:03 of 3rd period - Slapshot by Drake Caggiula.
8:03 of 3rd period - Stopped by Alexandar Georgiev with a rebound.
8:25 of 3rd period - Slapshot by Chris Kreider.
8:25 of 3rd period - Goal by Chris Kreider - Kings : 3 - Avalanche : 2.
8:26 of 3rd period - Ryan O'Reilly wins face-off versus Auston Matthews in neutral zone.
9:12 of 3rd period - Wrist shot by Luke Witkowski.
9:12 of 3rd period - Shot Blocked by Pierre-Edouard Bellemare.
10:49 of 3rd period - Wrist shot by Marcus Kruger.
10:49 of 3rd period - Shot Blocked by Aaron Ekblad.
10:51 of 3rd period - Slapshot by Mikkel Boedker.
10:51 of 3rd period - Goal by Mikkel Boedker - Kings : 3 - Avalanche : 3.
10:52 of 3rd period - Auston Matthews wins face-off versus Ryan O'Reilly in neutral zone.
11:05 of 3rd period - Auston Matthews is hit by Jacob Slavin and loses puck.
11:18 of 3rd period - Vincent Trocheck is hit by Brayden Schenn and loses puck.
11:27 of 3rd period - Marc Staal is hit by Jack Johnson and loses puck.
11:58 of 3rd period - Off-side.
11:59 of 3rd period - Ryan Getzlaf wins face-off versus Ryan O'Reilly in neutral zone.
12:05 of 3rd period - Icing by Alexander Edler.
12:06 of 3rd period - Auston Matthews wins face-off versus Ryan O'Reilly in Avalanche zone.
12:31 of 3rd period - Alexander Edler is hit by Philip Samuelsson and loses puck.
12:44 of 3rd period - Snap shot by Andrei Kuzmenko.
12:44 of 3rd period - Goal by Andrei Kuzmenko - Kings : 3 - Avalanche : 4.
12:45 of 3rd period - Auston Matthews wins face-off versus Vincent Trocheck in neutral zone.
13:37 of 3rd period - Slapshot by James Van Riemsdyk.
13:37 of 3rd period - Deflect By Luke Witkowski.
13:37 of 3rd period - Shot Misses the Net.
13:37 of 3rd period - Puck is out of play.
13:38 of 3rd period - Pierre-Edouard Bellemare wins face-off versus Vincent Trocheck in Kings zone.
13:51 of 3rd period - Marcus Kruger is hit by Pierre-Edouard Bellemare and loses puck.
14:26 of 3rd period - Off-side.
14:27 of 3rd period - Brayden Schenn wins face-off versus Luke Witkowski in neutral zone.
14:30 of 3rd period - Erik Karlsson is hit by Nikita Kucherov and loses puck.
15:15 of 3rd period - Snap shot by Marcus Kruger.
15:15 of 3rd period - Shot Blocked by Marc Staal.
15:17 of 3rd period - Snap shot by Mikkel Boedker.
15:17 of 3rd period - Shot Blocked by Pavel Zacha.
15:19 of 3rd period - Wrist shot by Marcus Kruger.
15:19 of 3rd period - Shot Misses the Net.
15:21 of 3rd period - Wrist shot by Vincent Trocheck.
15:21 of 3rd period - Stopped by Alexandar Georgiev without a rebound.
15:22 of 3rd period - Pierre-Edouard Bellemare wins face-off versus Vincent Trocheck in Kings zone.
16:10 of 3rd period - Wrist shot by Mitch Marner.
16:10 of 3rd period - Stopped by Marek Mazanek without a rebound.
16:11 of 3rd period - Ryan O'Reilly wins face-off versus Brayden Schenn in Avalanche zone.
16:44 of 3rd period - Slapshot by Jacob Slavin.
16:44 of 3rd period - Shot Misses the Net.
16:46 of 3rd period - Backhand shot by James Van Riemsdyk.
16:46 of 3rd period - Shot Misses the Net.
16:48 of 3rd period - Snap shot by James Van Riemsdyk.
16:48 of 3rd period - Stopped by Alexandar Georgiev without a rebound.
16:49 of 3rd period - Ryan O'Reilly wins face-off versus Brayden Schenn in Kings zone.
17:00 of 3rd period - Snap shot by Ryan O'Reilly.
17:00 of 3rd period - Shot Misses the Net.
17:02 of 3rd period - Wrist shot by Ryan O'Reilly.
17:02 of 3rd period - Deflect By Mitch Marner.
17:02 of 3rd period - Shot Misses the Net.
17:02 of 3rd period - Puck is out of play.
17:03 of 3rd period - Drake Caggiula wins face-off versus Pierre-Edouard Bellemare in Kings zone.
17:26 of 3rd period - Minor Penalty to Marc Staal for Tripping.
17:27 of 3rd period - Ryan O'Reilly wins face-off versus Joe Pavelski in Kings zone.
17:30 of 3rd period - Snap shot by Ryan O'Reilly.
17:30 of 3rd period - Shot Misses the Net.
17:34 of 3rd period - Snap shot by Ryan O'Reilly.
17:34 of 3rd period - Stopped by Alexandar Georgiev with a rebound.
17:36 of 3rd period - Snap shot by Ryan O'Reilly.
17:36 of 3rd period - Stopped by Alexandar Georgiev without a rebound.
17:37 of 3rd period - Ryan O'Reilly wins face-off versus Joe Pavelski in Kings zone.
17:40 of 3rd period - Snap shot by Marcus Kruger.
17:40 of 3rd period - Stopped by Alexandar Georgiev without a rebound.
17:41 of 3rd period - Joe Pavelski wins face-off versus Ryan O'Reilly in Kings zone.
19:26 of 3rd period - Penalty to Marc Staal is over, Marc Staal is back on ice.
19:42 of 3rd period - Snap shot by Luke Witkowski.
19:42 of 3rd period - Shot Misses the Net.
19:44 of 3rd period - Snap shot by David Rundblad.
19:44 of 3rd period - Stopped by Alexandar Georgiev with a rebound.
19:46 of 3rd period - Slapshot by Luke Witkowski.
19:46 of 3rd period - Stopped by Alexandar Georgiev without a rebound.
19:47 of 3rd period - Ken Hitchcock call a timeout for Kings.
19:47 of 3rd period - Ryan O'Reilly wins face-off versus Chris Kreider in Kings zone.
19:52 of 3rd period - Slapshot by Ryan O'Reilly.
19:52 of 3rd period - Stopped by Alexandar Georgiev without a rebound.
19:53 of 3rd period - Luke Witkowski wins face-off versus Brayden Schenn in Kings zone.
19:56 of 3rd period - Snap shot by Luke Witkowski.
19:56 of 3rd period - Stopped by Alexandar Georgiev with a rebound.
19:58 of 3rd period - Slapshot by David Rundblad.
19:58 of 3rd period - Stopped by Alexandar Georgiev with a rebound.
Goals for this period are 2 for Kings vs 2 for Avalanche.
Shots for this period are 12 for Kings vs 15 for Avalanche.